 Dungeon Crawl Stone Soup version 0.32-a0-953-g508020473e (webtiles) character file.

Game seed: 3659571768823421002

35 Cancer the Changeling (level 3, 0/28 HPs)
             Began as a Draconian Shapeshifter on Apr 17, 2024.
             Slain by a gnoll
             ... wielding a +0 vampiric whip
              (1 damage)
             ... on level 2 of the Dungeon.
             The game lasted 00:01:58 (1047 turns).

Cancer the Changeling (Draconian Shapeshifter)      Turns: 1047, Time: 00:01:59

Health: 0/28       AC:  5    Str: 18    XL:     3   Next: 17%
Magic:  3/3        EV: 11    Int: 10    God:
Gold:   86         SH:  0    Dex: 10    Spells: 2/2 levels left

rFire   . . .        g - +0 short sword
rCold   . . .        (no shield)
rNeg    . . .        (body armour unavailable)
rPois   .            (helmet currently unavailable)
rElec   .            (cloak currently unavailable)
rCorr   .            (gloves currently unavailable)
SInv    .            (boots currently unavailable)
Will    .....        (no amulet)
Stlth   +            (no ring)
HPRegen 0.24/turn    (no ring)
MPRegen 0.08/turn

%: no passive effects
@: beast-form
A: beast (slay +2), AC +5, unfitting armour, cold-blooded
a: Begin Untransformation


You were on level 2 of the Dungeon.
You were a hulking beast.
You visited 1 branch of the dungeon, and saw 2 of its levels.

You collected 86 gold pieces.

Inventory:

Hand Weapons
 g - a +0 short sword (weapon)
 l - a +0 sling
 m - a +1 dagger of distortion
Talismans
 b - a beast talisman (active)
 c - a flux talisman
 e - a serpent talisman
Scrolls
 d - a scroll of revelation {unknown}
 f - 3 scrolls of identify {unknown}
 h - a scroll of noise {unknown}
 j - a scroll of enchant weapon {unknown}
 k - a scroll of amnesia {unknown}
Potions
 a - 2 potions of lignification
 i - a potion of haste {unknown}


   Skills:
 - Level 1.1 Fighting
 - Level 1.7 Dodging
 - Level 3.0 Unarmed Combat
 + Level 4.1 Shapeshifting


You had 2 spell levels left.
You didn't know any spells.
Your spell library was empty.

Dungeon Overview and Level Annotations

Branches:
Dungeon (2/15)

Altars:

Annotations:
D:1 wall


Innate Abilities, Weirdness & Mutations

You are a hulking beast.
Your limbs bulge with bestial killing power. (Slay +2)
Your plain brown scales are hard. (AC +5)
You cannot fit into any form of body armour.
You are cold-blooded and may be slowed by cold attacks.


Message History

You kill the goblin!
You closely miss the rat. You tail-slap the rat.
You kill the rat!
The gnoll hits you with a +0 vampiric whip!
Things that are here:
a +0 club; a rat corpse; a giant cockroach corpse You hit the gnoll.
The gnoll is moderately wounded.
The gnoll hits you with a +0 vampiric whip.
The gnoll draws strength from your wounds!
You closely miss the gnoll. The gnoll misses you. The goblin barely misses you.
You barely miss the gnoll.
You tail-slap the gnoll, but do no damage.
The gnoll closely misses you. The goblin hits you with a +0 dagger.
You are too injured to fight recklessly!
You are too injured to fight recklessly!
You are too injured to fight recklessly!
You are too injured to fight recklessly!
You are too injured to fight recklessly!
You are too injured to fight recklessly!
You hit the gnoll. You tail-slap the gnoll.
The gnoll is heavily wounded.
The gnoll hits you with a +0 vampiric whip!
* * * LOW HITPOINT WARNING * * *
The gnoll draws strength from your wounds!
You hit the gnoll but do no damage.
The gnoll is lightly wounded.
A hobgoblin comes into view.
The gnoll barely misses you.
The hobgoblin shouts!
You hit the gnoll.
Your tail-slap misses the gnoll.
The gnoll is moderately wounded.
The gnoll hits you with a +0 vampiric whip.
* * * LOW HITPOINT WARNING * * *
The gnoll draws strength from your wounds!
You hit the gnoll.
The gnoll is moderately wounded.
A bat comes into view.
The gnoll hits you with a +0 vampiric whip.
You die...

..#....#
#b.....#
#......# ###
##$g.... #.. #
#.##.?...#
#.######.#
.........##
#.#......#
.##...#.lg#
#.#......# ###
###g# #........#
#h### #........#
#...###........#
###...#.#.......
###...#########
###..#####...
#..........
#####......#
#.........>#
#.##########


You could see a gnoll, a hobgoblin, a goblin, a bat (wandering) and a frilled
lizard.

Vanquished Creatures
  2 endoplasms (D:1)
  6 giant cockroaches
  A goblin (D:2)
  2 hobgoblins (D:1)
  6 quokkas (D:1)
  3 ball pythons (D:1)
  3 bats (D:1)
  4 frilled lizards (D:1)
  3 kobolds (D:1)
  3 rats
33 creatures vanquished.

Notes
Turn   | Place    | Note
-------+----------+-------------------------------------------
     0 | D:1      | Cancer the Draconian Shapeshifter began the quest for the
                  | Orb.
     0 | D:1      | Reached XP level 1. HP: 16/16 MP: 1/1
   200 | D:1      | Reached XP level 2. HP: 23/23 MP: 2/2
   537 | D:1      | Found a faded altar of an unknown god.
   544 | D:1      | Reached skill level 4 in Shapeshifting
   690 | D:1      | Reached XP level 3. HP: 21/28 MP: 3/3
  1046 | D:2      | HP: 1/28 [gnoll/+0 vampiric whip (5)]
  1047 | D:2      | Slain by a gnoll

Illustrated notes

Levels and vault maps discovered:
D:1:      lordsloth_arrival_two_stooges, layout_basic,
          hellmonk_ecumenical_altar_zigzags, bh_walls_and_bars
D:2:      layout_basic, minmay_box_of_dots

Skill      XL: |  1  2 |
---------------+-------+-----
Shapeshifting  | 4 |  4.1
Fighting       | |  1.1
Dodging        | |  1.7
Unarmed Combat | |  3.0

Action                     || total
---------------------------++-------
  Melee: Short sword       ||   106
         Unarmed           ||    14
         Tailslap          ||    12
 Armour: Skin              ||    76
  Dodge: Dodged            ||    75

Table legend: (Time is in decaauts)
 A = Elapsed time spent in this place.
 B = Non-inter-level travel time spent in this place.
 C = Inter-level travel time spent in this place.
 D = Time resting spent in this place.
 E = Time spent auto-exploring this place.
 F = Levels seen in this place.
 G = Mean time per level.
                   A        B        C        D        E       F      G
               +--------+--------+--------+--------+--------+-----+--------+
         Total |   1049 |    925 |    124 |      0 |    639 |   2 |  524.5 |
       Dungeon |   1049 |    925 |    124 |      0 |    639 |   2 |  524.5 |
               +--------+--------+--------+--------+--------+-----+--------+

Top non-repeatable levels by time:
     D:1: 949 daAuts
     D:2: 99 daAuts
